 Dungeon Crawl Stone Soup version 0.26-a0-1184-g95e395e029 (webtiles) character file.

Game seed: 5927202209002152476

394 uibert the Firebug (level 6, 0/44 HPs)
             Began as a Demonspawn Fire Elementalist on Dec 27, 2020.
             Slain by a killer bee zombie (1 damage)
             ... in an ossuary.
             The game lasted 00:18:23 (4257 turns).

uibert the Firebug (Demonspawn Fire Elementalist)   Turns: 4257, Time: 00:18:24

Health: 0/44       AC:  4    Str: 10    XL:     6   Next: 52%
Magic:  0/10       EV: 11    Int: 21    God:
Gold:   104        SH:  3    Dex: 13    Spells: 10/11 levels left

rFire    . . .     SeeInvis .   l - +0 short sword
rCold    . . .     Faith    .   u - +0 buckler
rNeg     . . .     Spirit   .   i - +0 leather armour
rPois    .         Reflect  .   (no helmet)
rElec    .         Harm     .   (no cloak)
rCorr    .         Rampage  .   (no gloves)
Will     .....                  p - +0 pair of boots
Stlth    ++........             (no amulet)
HPRegen  0.14/turn              (no ring)
MPRegen  0.12/turn              (no ring)

@: no status effects
A: powered by death 1, big brain 2
a: no special abilities


You were in an ossuary.
You visited 1 branch of the dungeon, and saw 4 of its levels.
You also visited: Ossuary.

You collected 104 gold pieces.

Inventory:

Hand Weapons
 b - a +0 club
 d - a +0 dagger
 l - a +0 short sword (weapon)
 y - a +1 antimagic mace
Missiles
 E - 10 poisoned darts (quivered)
Armour
 a - a +0 robe
 c - a +0 chain mail
 i - a +0 leather armour (worn)
 p - a +0 pair of boots (worn)
 u - a +0 buckler (worn)
Jewellery
 x - an uncursed amulet of faith
 z - an uncursed ring of fire
Scrolls
 e - 3 scrolls of teleportation
 f - a scroll of blinking
 h - a scroll of magic mapping
 k - a scroll of random uselessness {unknown}
 n - 2 scrolls of fog {unknown}
 o - a scroll of enchant armour {unknown}
 s - 3 scrolls of amnesia {unknown}
 t - a scroll of remove curse {unknown}
 A - a scroll of enchant weapon {unknown}
 B - 3 scrolls of identify
Potions
 g - a potion of might {unknown}
 j - 6 potions of curing {unknown}
 m - a potion of invisibility {unknown}
 q - a potion of ambrosia {unknown}
 r - a potion of berserk rage {unknown}
 v - 3 potions of heal wounds {unknown}
 w - 2 potions of lignification {unknown}
 C - a potion of resistance {unknown}
 D - a potion of attraction {unknown}
 F - a potion of haste {unknown}


   Skills:
 + Level 2.2 Fighting
 - Level 1.7 Dodging
 - Level 1.7 Stealth
 + Level 3.0 Spellcasting
 + Level 2.5 Conjurations
 * Level 5.4 Fire Magic


You had 10 spell levels left.
You knew the following spells:

 Your Spells              Type           Power        Failure   Level
a - Foxfire               Conj/Fire      76%          6%          1

Your spell library contained the following spells:

 Spells                   Type           Power        Failure   Level
 Conjure Flame            Conj/Fire      19%          19%         3
 Inner Flame              Hex/Fire       14%          30%         3
 Sticky Flame             Conj/Fire      19%          52%         4
 Fireball                 Conj/Fire      9%           86%         5


Dungeon Overview and Level Annotations

Branches:
Dungeon (4/15)            Ossuary (1/1)
 Temple: D:4-7

Altars:
Sif Muna

Annotations:
D:3 1 runed translucent door, Crazy Yiuf


Innate Abilities, Weirdness & Mutations

You regenerate a little health from kills.
You have an extremely huge brain. (Int +4)


Message History

* * * LOW HITPOINT WARNING * * *
Casting: Foxfire (safe; 6% risk of failure)
Confirm with . or Enter, or press ? or * to list all spells.
You conjure some foxfire!
The killer bee zombie barely misses you.
The foxfire hits the killer bee zombie.
The killer bee zombie is severely damaged.
The foxfire hits the killer bee zombie!
The killer bee zombie is almost destroyed.
The killer bee zombie hits you.
* * * LOW HITPOINT WARNING * * *
The killer bee zombie hits you.
* * * LOW HITPOINT WARNING * * *
Casting: Foxfire (safe; 6% risk of failure)
Confirm with . or Enter, or press ? or * to list all spells.
You conjure some foxfire!
The killer bee zombie hits you.
* * * LOW HITPOINT WARNING * * *
An adder zombie comes into view.
The killer bee zombie hits you.
You die...

# ≈≈ ≈#.
≈≈#≈ #####
#PM§#Z@v#
#≈.Z.∩v#
#≈..≈#...#
≈≈≈# #####
≈#


You could see an adder zombie and a killer bee zombie.

Vanquished Creatures
  An elf skeleton (D:4)
  A centaur zombie (Ossuary)
  2 human zombies (D:4)
  An orc wizard (D:3)
  5 mummies (Ossuary)
  4 gnolls (D:3)
  2 adders (D:3)
  A worm (D:3)
  2 dart slugs (D:3)
  3 leopard geckos
  5 orcs (D:3)
  5 giant cockroaches
  8 goblins
  5 hobgoblins
  3 jackals (D:3)
  3 bats
  3 kobolds
  A leopard gecko zombie (Ossuary)
  2 orc zombies (D:4)
  8 rats
65 creatures vanquished.

Vanquished Creatures (others)
  206 foxfires
  2 withered plants (Ossuary)
208 creatures vanquished.

Grand Total: 273 creatures vanquished

Notes
Turn   | Place    | Note
-------+----------+-------------------------------------------
     0 | D:1      | uibert the Demonspawn Fire Elementalist began the quest for
                  | the Orb.
     0 | D:1      | Reached XP level 1. HP: 13/13 MP: 3/3
   187 | D:1      | Reached skill level 3 in Fire Magic
   395 | D:1      | Gained mutation: You have an unusually large brain. (Int
                  | +2) [demonic ancestry]
   395 | D:1      | Reached XP level 2. HP: 4/19 MP: 0/5
  1797 | D:2      | Found a faded altar of an unknown god.
  2083 | D:3      | Gained mutation: You regenerate a little health from kills.
                  | [demonic ancestry]
  2083 | D:3      | Reached XP level 3. HP: 24/24 MP: 3/6
  2262 | D:3      | Reached skill level 4 in Fire Magic
  2706 | D:3      | Gained mutation: You have an extremely huge brain. (Int +4)
                  | [demonic ancestry]
  2706 | D:3      | Reached XP level 4. HP: 31/31 MP: 0/7
  3003 | D:3      | Reached skill level 1 in Fighting
  3078 | D:3      | Reached XP level 5. HP: 5/37 MP: 0/8
  3352 | D:3      | Found a shimmering blue altar of Sif Muna.
  3744 | D:3      | Found a runed translucent door.
  3745 | D:3      | Noticed Crazy Yiuf
  3999 | D:4      | Reached skill level 5 in Fire Magic
  4075 | D:4      | Found a sand-covered staircase.
  4109 | D:4      | Reached XP level 6. HP: 25/44 MP: 1/10
  4166 | Ossuary  | Entered an ossuary
  4257 | Ossuary  | HP: 1/44 [killer bee zombie (6)]
  4257 | Ossuary  | Slain by a killer bee zombie

Illustrated notes

Levels and vault maps discovered:
D:1:      onia_arrival_mini_maze_b, layout_rooms
D:2:      layout_loops_cross, chequers_ecumenical_altar_grove
D:3:      layout_rooms, lemuel_coloured_pillars_altar, feat_on_display,
          uniq_crazy_yiuf_cottage
D:4:      layout_loops_corners, minmay_temple_entry_statues_fountains,
          nicolae_ossuary_entry_catacombs, portal_sewer_entry_e,
          kennysheep_generic_room_2, uniq_robin
Ossuary:  ossuary_zaba_flooded

Skill      XL: |  1  2  3  4  5  6 |
---------------+-------------------+-----
Fire Magic     | 3 4 5 |  5.4
Fighting       | 1 2 |  2.2
Conjurations   | 2 |  2.5
Spellcasting   | 3 |  3.0
Dodging        | |  1.7
Stealth        | |  1.7

Action                   |  1- 3 |  4- 6 || total
-------------------------+-------+-------++-------
Melee: Dagger            |    12 |       ||    12
       Club              |     6 |       ||     6
       Unarmed           |     3 |       ||     3
       Short sword       |    46 |    48 ||    94
       Mace              |    20 |       ||    20
 Cast: Foxfire           |    48 |    81 ||   129
  Use: Scroll            |     4 |       ||     4
 Stab: Sleeping          |     1 |       ||     1
Armor: Robe              |     5 |       ||     5
       Leather armour    |    24 |    10 ||    34
       Chain mail        |     6 |       ||     6
Dodge: Dodged            |    68 |    35 ||   103
Block: Buckler           |    12 |     8 ||    20

Table legend: (Time is in decaauts)
 A = Elapsed time spent in this place.
 B = Non-inter-level travel time spent in this place.
 C = Inter-level travel time spent in this place.
 D = Time resting spent in this place.
 E = Time spent auto-exploring this place.
 F = Levels seen in this place.
 G = Mean time per level.
                   A        B        C        D        E       F      G
               +--------+--------+--------+--------+--------+-----+--------+
         Total |   4278 |   3996 |    282 |   1299 |   1373 |   5 |  855.6 |
       Dungeon |   4184 |   3902 |    282 |   1275 |   1373 |   4 | 1046.0 |
       Ossuary |     93 |     93 |      0 |     24 |      0 |   1 |   93.0 |
               +--------+--------+--------+--------+--------+-----+--------+

Top non-repeatable levels by time:
     D:3: 1552 daAuts
     D:1: 1286 daAuts
     D:2: 988 daAuts
     D:4: 356 daAuts
 Ossuary: 93 daAuts
